 Dungeon Crawl Stone Soup version 0.28-a0-1638-g9123634e07 (webtiles) character file.

Game seed: 17782118066419633534

2195 vishdafish the Blocker (level 9, 0/108 HPs)
             Began as a Formicid Fighter on Jan 25, 2022.
             Was a Believer of Cheibriados.
             Succumbed to a water moccasin's poison
             ... on level 7 of the Dungeon.
             The game lasted 00:09:40 (9593 turns).

vishdafish the Blocker (Formicid Fighter)           Turns: 9593, Time: 00:09:41

Health: 0/108      AC: 24    Str: 27 (28) XL:     9   Next: 60%
Magic:  9/9        EV:  2    Int: 12 (13) God:    Cheibriados [**....]
Gold:   369        SH:  6    Dex: 12 (15) Spells: 8/8 levels left

rFire   . . .      SeeInvis .   a - +1 war axe
rCold   . . .      Faith    .   c - +0 buckler
rNeg    . . .      Spirit   .   (armour currently unavailable)
rPois   +          Reflect  .   (helmet unavailable)
rElec   .          Harm     .   (cloak currently unavailable)
rCorr   .          Rampage  .   (gloves currently unavailable)
Will    .....                   (boots currently unavailable)
Stlth   +.........              (no amulet)
HPRegen 0.28/turn               (no ring)
MPRegen 0.11/turn               (no ring)

@: lethally poisoned (0 -> -4), tree-form, invisible, very slow
A: stationary, stasis, torment immunity, boosted hp, permanent stasis, dig
shafts and tunnels, (antennae 3), four strong arms, (beak), (iridescent scales
1), weak 1, no potion heal 1
a: Renounce Religion, Bend Time


You were on level 7 of the Dungeon.
You worshipped Cheibriados.
Cheibriados was pleased with you.
You were a tree.
You visited 2 branches of the dungeon, and saw 8 of its levels.
You also visited: Sewer.

You collected 407 gold pieces.
You spent 38 gold pieces at shops.

Inventory:

Hand Weapons
 a - a +1 war axe (weapon)
 k - a +0 vampiric hand axe
Missiles
 l - 96 bolts
Armour
 b - a +0 scale mail (melded)
 c - a +0 buckler (worn)
 x - the +0 buckler "Xostroneng" {Rampage Will++ Stlth-}
   (You found it on level 6 of the Dungeon)

   Rampage:   It bestows one free step when moving towards enemies.
   Will:      It greatly increases your willpower.
   Stlth:     It makes you less stealthy.
   Cheibriados disapproves of the use of such an item.
Jewellery
 f - a ring of ice
 o - a ring of protection from fire
 q - an amulet of guardian spirit
Wands
 y - a wand of polymorph (9)
 C - a wand of iceblast (8)
Scrolls
 d - 2 scrolls of brand weapon
 g - 2 scrolls of enchant armour
 h - a scroll of fog
 r - a scroll of blinking
 s - a scroll of fear {unknown}
 t - 2 scrolls of enchant weapon
 u - a scroll of immolation
 v - a scroll of magic mapping {unknown}
 B - a scroll of identify
Potions
 j - 2 potions of haste
 n - a potion of flight


   Skills:
 + Level 7.4 Fighting
 + Level 6.3 Axes
 + Level 7.4 Armour
 + Level 8.1 Shields


You had 8 spell levels left.
You didn't know any spells.
Your spell library contained the following spells:

 Spells                   Type           Power      Damage    Failure   Level
 Lesser Beckoning         Tloc           0%         N/A       75%         3
 Animate Armour           Summ/Erth      0%         N/A       98%         4
 Blade Hands              Tmut           0%         N/A       100%        5
 Manifold Assault         Tloc           0%         N/A       100%        5
 Iron Shot                Conj/Erth      0%         9d1       100%        6
 Blink                    Tloc           Unusable   N/A       N/A         2

Dungeon Overview and Level Annotations

Branches:
Dungeon (7/15)             Temple (1/1) D:4           Sewer (visited)

Altars:
Ashenzari
Cheibriados
Dithmenos
Elyvilon
Gozag
Hepliaklqana
Kikubaaqudgha
Makhleb
Nemelex Xobeh
Qazlal
Ru
Sif Muna
Trog
Uskayaw
Vehumet
Wu Jian
Xom
Yredelemnul
Zin
The Shining One

Shops:
D:4 *


Innate Abilities, Weirdness & Mutations

You are a tree.
Your roots penetrate the ground, keeping you stationary.
You cannot be teleported.
You are immune to unholy pain and torment.
Your maximum health is greatly increased.
Your equipment is partially melded.
You cannot be hasted, slowed, berserked, paralysed or teleported.
You can dig through walls and to a lower floor.
((You have a pair of large antennae on your head. (SInv)))
Your four strong arms can wield two-handed weapons with a shield.
((You have a beak for a mouth.))
((You are partially covered in iridescent scales. (AC +2)))
You are weak. (Str -2)
Potions are less effective at restoring your health.


Message History

Iridescent scales grow over part of your body.
Your system partially rejects the healing effects of potions.
Your mouth lengthens and hardens into a beak!
* * * LOW HITPOINT WARNING * * *
You feel very sick.
The water moccasin bites you but does no damage.
It was a potion of invisibility.
You fade into invisibility!
* * * LOW HITPOINT WARNING * * *
You feel very sick.
The water moccasin bites you but does no damage.
You block the water moccasin's attack.
Okay, then.
* * * LOW HITPOINT WARNING * * *
You feel very sick. The water moccasin misses you.
* * * LOW HITPOINT WARNING * * *
You feel very sick. The water moccasin misses you.
* * * LOW HITPOINT WARNING * * *
You feel very sick. The water moccasin closely misses you.
It was a potion of lignification.
You turn into a tree.
Your +0 scale mail melds into your body.
Your roots penetrate the ground.
* * * LOW HITPOINT WARNING * * *
You feel sick. The water moccasin bites you.
* * * LOW HITPOINT WARNING * * *
It was a potion of berserk rage.
Your stasis prevents you from going berserk.
* * * LOW HITPOINT WARNING * * *
You feel sick.
The water moccasin bites you but does no damage. x2
It was a potion of magic.
Magic courses through your body.
* * * LOW HITPOINT WARNING * * *
You feel sick. You block the water moccasin's attack.
It was a potion of degeneration.
There was something very wrong with that liquid.
You feel weakened.
You feel dopey.
You feel clumsy.
You die...

#..#.#... #..#
# . #..# #..#
###
#..#######.....
#......)......#
#..#######..#.#
#..###### #
#♣......# {
#S#####....
#.....# .
#.#.......
#.#.#.####
#.#.# # .....
#...# #####


You could see a water moccasin.

Vanquished Creatures
  A wyvern (D:7)
  Edmund (D:6)
  A water moccasin (D:7)
  2 ice beasts
  An orc warrior (D:7)
  2 black bears (D:6)
  An ogre (D:5)
  A centaur (D:7)
  3 phantoms (D:6)
  A kobold brigand (D:7)
  A bullfrog (D:4)
  A scorpion (D:6)
  A water moccasin skeleton (D:5)
  A centaur zombie (D:6)
  A bullfrog zombie (D:5)
  A jelly (D:4)
  4 orc priests
  A bullfrog skeleton (D:5)
  3 hounds
  4 orc wizards
  A hell rat (Sewer)
  A hound zombie (D:5)
  2 hound skeletons
  Robin (D:3)
  A howler monkey skeleton (D:7)
  6 adders
  4 river rats (Sewer)
  A shadow imp (D:7)
  2 white imps
  2 ufetubi
  An adder zombie (D:5)
  An adder skeleton (D:4)
  A worm (D:3)
  5 dart slugs
  17 orcs
  4 ball pythons
  8 endoplasms
  2 giant cockroaches
  17 goblins
  8 hobgoblins
  8 kobolds
  2 quokkas (D:1)
  2 bats (D:1)
  2 frilled lizards
  8 rats
139 creatures vanquished.

Notes
Turn   | Place    | Note
-------+----------+-------------------------------------------
     0 | D:1      | vishdafish the Formicid Fighter began the quest for the
                  | Orb.
     0 | D:1      | Reached XP level 1. HP: 18/18 MP: 1/1
   140 | D:1      | Reached XP level 2. HP: 20/24 MP: 2/2
   184 | D:1      | Found a faded altar of an unknown god.
   741 | D:1      | Reached XP level 3. HP: 25/29 MP: 3/3
   744 | D:1      | Reached skill level 4 in Shields
  1774 | D:2      | Reached XP level 4. HP: 37/37 MP: 4/4
  2393 | D:3      | Reached XP level 5. HP: 14/42 MP: 5/5
  2692 | D:3      | Noticed Robin
  2701 | D:3      | HP: 2/42 [goblin[Robin] (4)]
  2702 | D:3      | You fall into a shaft and drop 1 floor!
  3221 | D:3      | Killed Robin
  3232 | D:3      | Reached XP level 6. HP: 33/49 MP: 6/6
  3972 | D:4      | Reached skill level 5 in Shields
  4390 | D:4      | Found a staircase to the Ecumenical Temple.
  4409 | Temple   | Entered the Ecumenical Temple
  4417 | Temple   | Became a worshipper of Cheibriados the Contemplative
  4903 | D:4      | Found Fanax's Fire Supplies.
  4910 | D:4      | Bought a scroll of immolation for 38 gold pieces
  5024 | D:5      | Entered Level 5 of the Dungeon
  5103 | D:5      | Reached XP level 7. HP: 39/55 MP: 7/7
  5272 | D:5      | Reached skill level 5 in Armour
  5347 | D:5      | Reached skill level 5 in Fighting
  6125 | D:5      | Found a basalt altar of Yredelemnul.
  6232 | D:6      | Reached skill level 6 in Shields
  6232 | D:6      | Reached XP level 8. HP: 7/63 MP: 8/8
  6427 | D:6      | Reached * piety under Cheibriados
  6456 | D:6      | Found a glowing drain.
  6464 | D:6      | HP: 3/64 [hound (2)]
  6465 | Sewer    | Entered a sewer
  6912 | D:6      | Reached skill level 5 in Axes
  7300 | D:6      | Identified the +0 buckler "Xostroneng" {Rampage Will++
                  | Stlth-}
  7359 | D:6      | Found an ornate altar of the Wu Jian Council.
  7365 | D:6      | Found a bloodstained altar of Trog.
  7365 | D:6      | Found a sparkling altar of Nemelex Xobeh.
  7417 | D:6      | Reached skill level 7 in Shields
  7541 | D:6      | Reached ** piety under Cheibriados
  7776 | D:6      | Noticed Edmund
  7789 | D:6      | Killed Edmund
  7790 | D:6      | Reached XP level 9. HP: 38/71 MP: 9/9
  8738 | D:7      | Found a hide-covered altar of Uskayaw.
  9270 | D:7      | Reached skill level 8 in Shields
  9585 | D:7      | Gained mutation: You are weak. (Str -2) [potion of
                  | mutation]
  9585 | D:7      | Gained mutation: You are partially covered in iridescent
                  | scales. (AC +2) [potion of mutation]
  9585 | D:7      | Gained mutation: Potions are less effective at restoring
                  | your health. [potion of mutation]
  9585 | D:7      | Gained mutation: You have a beak for a mouth. [potion of
                  | mutation]
  9590 | D:7      | HP: 3/108 [water moccasin (3)]
  9592 | D:7      | HP: 1/108 [poisoned by a water moccasin]
  9593 | D:7      | Succumbed to a water moccasin's poison

Illustrated notes

Levels and vault maps discovered:
D:1:      dpeg_arrival_another_circle, layout_basic,
          shapermc_ecumenical_altar_totnotflames, corexii_corridor_pit
D:2:      layout_basic, serial_bayou_pond_a, minmay_misc_feat_encased
D:3:      layout_basic, uniq_robin
D:4:      layout_loops_ring, minmay_temple_entry_waves, serial_bayou_lagoon_a,
          nicolae_shop_fire_sale [nicolae_sub_dead_trees]
D:5:      layout_cave_pools, lemuel_zombie_altar_yredelemnul
D:6:      layout_basic, gammafunk_temple_overflow_forgotten,
          portal_sewer_entry_d, minmay_crossroads, uniq_edmund
D:7:      layout_loops_ring, nicolae_uskayaw_dance_studio
Temple:   nicolae_temple_no_exploring_needed

Skill      XL: |  1  2  3  4  5  6  7  8  9 |
---------------+----------------------------+-----
Shields        | 4 5 6 7 8 |  8.1
Fighting       | 4 5 6 7 |  7.4
Armour         | 4 5 6 7 |  7.4
Axes           | 3 4 5 6 |  6.3

Action                   |  1- 3 |  4- 6 |  7- 9 || total
-------------------------+-------+-------+-------++-------
Melee: War axe           |    76 |   146 |   324 ||   546
Invok: Bend Time         |       |       |     1 ||     1
 Abil: Shaft Self        |       |     1 |       ||     1
Evoke: Wand              |       |       |     1 ||     1
  Use: Potion            |       |     2 |    12 ||    14
       Scroll            |       |     5 |     8 ||    13
Armor: Scale mail        |    34 |    79 |   147 ||   260
       Skin              |       |       |     2 ||     2
Dodge: Dodged            |    26 |    79 |   175 ||   280
Block: Buckler           |    20 |    37 |   100 ||   157

Table legend: (Time is in decaauts)
 A = Elapsed time spent in this place.
 B = Non-inter-level travel time spent in this place.
 C = Inter-level travel time spent in this place.
 D = Time resting spent in this place.
 E = Time spent auto-exploring this place.
 F = Levels seen in this place.
 G = Mean time per level.
                   A        B        C        D        E       F      G
               +--------+--------+--------+--------+--------+-----+--------+
         Total |  10654 |  10419 |    235 |   1584 |   7276 |   9 | 1183.8 |
       Dungeon |  10173 |   9938 |    235 |   1247 |   7259 |   7 | 1453.3 |
        Temple |     18 |     18 |      0 |      0 |      0 |   1 |   18.0 |
         Sewer |    462 |    462 |      0 |    337 |     16 |   1 |  462.0 |
               +--------+--------+--------+--------+--------+-----+--------+

Top non-repeatable levels by time:
     D:6: 2203 daAuts
     D:4: 1575 daAuts
     D:5: 1378 daAuts
     D:7: 1338 daAuts
     D:2: 1301 daAuts
     D:3: 1298 daAuts
     D:1: 1077 daAuts
   Sewer: 462 daAuts
  Temple: 18 daAuts
